 Dungeon Sprint DCSS version 0.32-a0-913-g739538afd8 (webtiles) character file.

Game seed: 13158869859963142599

1000000 Griffin23 the Grasshopper (level 1, -34/19 HPs)
             Began as a Troll Warper on Apr 9, 2024.
             Was a Follower of Makhleb.
             Annihilated by a meat berserker
             ... wielding a +9 battleaxe
              (53 damage)
             ... in the Dungeon (Sprint VIII: "Arena of Blood").
             The game lasted 00:00:42 (10 turns).

Griffin23 the Grasshopper (Troll Warper)              Turns: 10, Time: 00:00:43

Health: -34/19     AC:  4    Str: 18    XL:     1   Next: 0%
Magic:  1/1        EV:  8    Int:  9    God:    Makhleb [*.....]
Gold:   0          SH:  0    Dex:  9    Spells: 2/2 levels left

rFire   . . .        j - +∞ Axe of Woe
rCold   . . .        (shield currently unavailable)
rNeg    . . .        b - +0 robe
rPois   .            (helmet restricted)
rElec   .            (no cloak)
rCorr   .            (gloves unavailable)
SInv    .            (boots unavailable)
Will    .....        (no amulet)
Stlth   +            (no ring)
HPRegen 1.03/turn    (no ring)
MPRegen 0.07/turn

%: no teleportation
@: no status effects
A: large, unfitting armour, claws 3, regeneration 1, shaggy fur 1, tough skin 1
a: Renounce Religion


You were in the Dungeon.
You worshipped Makhleb.
Makhleb was aware of your devotion.
You visited 1 branch

Inventory:

Hand Weapons
 a - a +0 hand axe
 j - the +∞ Axe of Woe (weapon)
   (You found it in the Dungeon)
Missiles
 d - 7 darts of dispersal (quivered)
Armour
 b - a +0 robe (worn)
Scrolls
 c - 2 scrolls of blinking
Potions
 e - a potion of curing
 f - a potion of heal wounds
 g - a potion of haste
 h - 2 potions of magic
 i - a potion of berserk rage


   Skills:
 + Level 1.5 Fighting
 * Level 1.5 Axes
 - Level 0.8 Throwing
 + Level 0.0 Armour
 + Level 1.9 Dodging
 + Level 0.0 Stealth
 - Level 1.2 Spellcasting
 - Level 2.1 Translocations


You had 2 spell levels left.
You didn't know any spells.
Your spell library contained the following spells:

 Spells                   Type           Power      Damage    Failure   Level
 Blink                    Tloc           8%         N/A       22%         2
 Lesser Beckoning         Tloc           8%         N/A       22%         2
 Maxwell's Portable Pile  Tloc           4%         2d(5-14)  41%         3
 Teleport Other           Tloc           4%         N/A       41%         3
 Vhi's Electric Charge    Tloc/Air       4%         N/A       93%         4


Dungeon Overview and Level Annotations

Branches:
Dungeon (1/1)

Altars:
Makhleb


Innate Abilities, Weirdness & Mutations

You are too large for most types of armour.
You have claws for hands.
Your natural rate of healing is unusually fast.
You are covered in fur. (AC +1)
You have tough skin. (AC +1)


Message History

------------------------------------------------------------------------------ ------------------------------------------------------------------------------ -- -- -- The Arena Of Blood -- -- -- -- -- -- -- -- You descend into the pit of gibs and meat, -- -- The sunken abyss of the depraved, -- -- The mill of turgid gutspawn. -- -- The writhen instruments serve in adoration, -- -- Immured beneath a rotten throne. -- -- -- -- Before you lies the servitor of chaos, -- -- The cleaver, -- -- The blasphemer, -- -- The destroyer, -- -- The Axe of Woe. -- -- -- -- Vessel of Makhleb, -- -- You are the unmaker, -- -- You bring the rapture, -- -- The murmurs of the thralls rise... -- -- The theatre of blood begins. -- -- -- ------------------------------------------------------------------------------ ------------------------------------------------------------------------------ Welcome, Griffin23 the Troll Warper. [Dungeon Sprint] Press ? for a list of commands and other information.
Found the +∞ Axe of Woe.
Found four burning altars of Makhleb.
Found a staircase leading out of the dungeon.
j - the +∞ Axe of Woe
j - the +∞ Axe of Woe (weapon)
A bag of meat comes into view. It is wielding a +9 war axe.
A bag of meat comes into view. It is wielding a +9 war axe.
There is a burning altar of Makhleb here.
You kneel at the altar of Makhleb.
Makhleb welcomes you!
The bag of meat shouts!
You hear a shout!
A meat berserker comes into view. It is wielding a +9 battleaxe.
A bag of meat comes into view. It is wielding a +9 war axe.
The bag of meat shouts!
A bag of meat comes into view. It is wielding a +9 war axe.
The bag of meat shouts!
You slash the bag of meat!
You butcher the bag of meat messily.
You kill the bag of meat!
Makhleb accepts your kill.
You slash the bag of meat! You chop the bag of meat into pieces.
You kill the bag of meat!
Makhleb accepts your kill.
You can now gain health from killing.
The meat berserker hits you with a +9 battleaxe!!!
Ouch! That really hurt!
You die...

..... .. #...
.# . #... ..#
..###... ..###.
......###......
....._......
#)....# #@.<._#
#Oo...#
....._......
......###......
.o###... ..###.
. #... ..# #...
.# ..... ..


You could see a meat berserker (berserk) and a bag of meat.

Vanquished Creatures
  2 orcs (D)
2 creatures vanquished.

Notes
Turn   | Place    | Note
-------+----------+-------------------------------------------
     0 | D        | Found the +∞ Axe of Woe
     0 | D        | Griffin23 the Troll Warper began the quest for the Orb.
     0 | D        | Reached XP level 1. HP: 19/19 MP: 1/1
     2 | D        | Noticed a bag of meat
     3 | D        | Noticed a bag of meat
     4 | D        | Became a worshipper of Makhleb the Destroyer
     6 | D        | Noticed a meat berserker
     6 | D        | Noticed a bag of meat
     8 | D        | Noticed a bag of meat
    10 | D        | Killed a bag of meat
    10 | D        | Killed a bag of meat
    10 | D        | Reached * piety under Makhleb
    10 | D        | Annihilated by a meat berserker

Illustrated notes

Levels and vault maps discovered:
D:        meatsprint

Action                     || total
---------------------------++-------
  Melee: Executioner's axe ||     1
 Armour: Robe              ||     1

Table legend: (Time is in decaauts)
 A = Elapsed time spent in this place.
 B = Non-inter-level travel time spent in this place.
 C = Inter-level travel time spent in this place.
 D = Time resting spent in this place.
 E = Time spent auto-exploring this place.
 F = Levels seen in this place.
 G = Mean time per level.
                   A        B        C        D        E       F      G
               +--------+--------+--------+--------+--------+-----+--------+
         Total |      9 |      9 |      0 |      0 |      0 |   1 |    9.0 |
       Dungeon |      9 |      9 |      0 |      0 |      0 |   1 |    9.0 |
               +--------+--------+--------+--------+--------+-----+--------+

Top non-repeatable levels by time:
       D: 9 daAuts
